 Dungeon Crawl Stone Soup version 0.30.1-3-gfc49f6343a (webtiles) character file.

Game seed: 5170369615737955798

29563 Peloso the Blocker (level 13, -6/116 HPs)
             Began as a Minotaur Fighter on Aug 4, 2023.
             Was a High Priest of Okawaru.
             Mangled by a sixfirhy (11 damage)
             ... led by a cacodemon
             ... on level 1 of the Abyss.
             The game lasted 00:28:22 (15918 turns).

Peloso the Blocker (Minotaur Fighter)              Turns: 15918, Time: 00:28:23

Health: -6/116     AC: 19    Str: 24      XL:     13   Next: 15%
Magic:  12/12      EV: 14    Int:  2 (5)  God:    Okawaru [*****.]
Gold:   864        SH: 14    Dex: 12      Spells: 12/12 levels left

rFire   . . .        a - +2 double sword (flame)
rCold   . . .        d - +2 buckler
rNeg    . . .        F - +0 plate armour
rPois   .            (helmet restricted)
rElec   .            O - +2 cloak {Stlth+}
rCorr   .            (no gloves)
SInv    .            (no boots)
Will    +....        l - amulet of reflection Stlth
                     f - ring of willpower
HPRegen 0.39/turn    g - +5 ring of evasion
MPRegen 0.13/turn

%: reflection
@: no status effects
A: horns 2, retaliatory headbutt
a: Renounce Religion, Heroism, Finesse, Duel


You were on level 1 of the Abyss.
You worshipped Okawaru.
Okawaru was extremely pleased with you.
You visited 3 branches of the dungeon, and saw 15 of its levels.
You visited the Abyss 1 time.
You also visited: Ossuary.

You collected 864 gold pieces.

Inventory:

Hand Weapons
 a - a +2 double sword of flaming (weapon)
 b - a +4 falchion of freezing
 c - the +7 morningstar of Death {flame, *Noise Str+3 Stlth+}
   (You found it on level 9 of the Dungeon)

   Str:       It affects your strength (+3).
   *Noise:    It may make noises in combat.
   Stlth:     It makes you more stealthy.
Missiles
 A - 3 throwing nets (quivered)
Armour
 d - a +2 buckler (worn)
 F - a +0 plate armour (worn)
 O - a +2 cloak of stealth (worn)
Jewellery
 f - a ring of willpower (left hand)
 g - a +5 ring of evasion (right hand)
 h - a +6 ring of strength
 l - an amulet of reflection (around neck)
 y - a ring of fire
 B - a +4 ring of protection
 E - a ring of see invisible
Wands
 w - a wand of flame (15)
 Q - a wand of mindburst (12)
Scrolls
 e - a scroll of summoning
 k - 3 scrolls of identify
 m - 2 scrolls of blinking
 o - 2 scrolls of noise
 q - 2 scrolls of enchant weapon
 t - 3 scrolls of poison
 x - a scroll of immolation
 K - a scroll of brand weapon
 M - 3 scrolls of vulnerability {unknown}
 R - a scroll of teleportation
Potions
 i - 5 potions of invisibility
 j - 4 potions of flight
 p - 3 potions of berserk rage
 s - 4 potions of curing
 u - a potion of cancellation {unknown}
 v - 4 potions of might
 z - 3 potions of lignification {unknown}
 I - 3 potions of brilliance {unknown}
 J - 3 potions of degeneration {unknown}
 P - a potion of attraction {unknown}


   Skills:
 + Level 11.3 Fighting
 + Level 12.3 Long Blades
 + Level 12.2 Maces & Flails
 + Level 12.1 Armour
 + Level 4.5 Dodging
 + Level 1.3 Stealth
 + Level 13.0 Shields
 + Level 0.2 Invocations


You had 12 spell levels left.
You didn't know any spells.
Your spell library contained the following spells:

 Spells                   Type           Power      Damage    Failure   Level
 Apportation              Tloc           0%         N/A       100%        1
 Magic Dart               Conj           0%         1d3       100%        1
 Ensorcelled Hibernation  Hex/Ice        0%         N/A       100%        2
 Lesser Beckoning         Tloc           0%         N/A       100%        2
 Passwall                 Tmut/Erth      0%         N/A       100%        2
 Gell's Gravitas          Tloc           0%         N/A       100%        3
 Inner Flame              Hex/Fire       0%         N/A       100%        3
 Mephitic Cloud           Conj/Pois/Air  0%         N/A       100%        3
 Swiftness                Air            0%         N/A       100%        3
 Teleport Other           Tloc           0%         N/A       100%        3
 Flame Wave               Conj/Fire      0%         2d4       100%        4
 Sticky Flame             Conj/Fire      0%         2d3       100%        4
 Alistair's Intoxication  Tmut/Pois      0%         N/A       100%        5
 Blade Hands              Tmut           0%         N/A       100%        5
 Eringya's Noxious Bog    Tmut/Pois      0%         N/A       100%        6
 Iron Shot                Conj/Erth      0%         9d1       100%        6
 Call Imp                 Summ           Unusable   N/A       N/A         2
 Animate Armour           Summ/Erth      Unusable   N/A       N/A         4
 Summon Forest            Summ/Tloc      Unusable   N/A       N/A         5
 Summon Hydra             Summ           Unusable   N/A       N/A         7

Dungeon Overview and Level Annotations

Branches:
Dungeon (11/15)            Temple (1/1) D:7            Lair (3/5) D:8
 Shoals (0/4) Lair:2       Spider (0/4) Lair:2          Orc (0/2) D:10
Ossuary (visited)

Altars:
Ashenzari
Cheibriados
Dithmenos
Elyvilon
Fedhas
Gozag
Hepliaklqana
Kikubaaqudgha
Makhleb
Nemelex Xobeh
Okawaru
Qazlal
Ru
Sif Muna
Trog
Uskayaw
Vehumet
Wu Jian
Xom
Yredelemnul
Zin
The Shining One

Shops:
D:1 =

Annotations:
D:7 2 transporters, exclusions: ice statue and oklob plant, Quickbrownfox's ghost, novice DsCj
D:11 Sonja
Lair:3 Casa


Innate Abilities, Weirdness & Mutations

You have a pair of horns on your head.
You reflexively headbutt those who attack you in melee.


Message History

You feel dopey. Something feeds on your intellect!
You hit the neqoxec but do no damage. Your headbutt misses the neqoxec.
The neqoxec is almost dead.
A cacodemon comes into view.
You slash the neqoxec! You burn the neqoxec.
You kill the neqoxec!
Okawaru accepts your kill. The sixfirhy barely misses you.
You barely miss the sixfirhy.
The sixfirhy hits you but does no damage.
The sixfirhy hits you.
* * * LOW HITPOINT WARNING * * *
The sixfirhy shocks you!
* * * LOW HITPOINT WARNING * * *
The sixfirhy misses you. You furiously retaliate!
You headbutt the sixfirhy.
A sixfirhy comes into view.
You feel much better.
You hit the sixfirhy. You burn the sixfirhy.
The sixfirhy is lightly wounded.
The green death gestures at you.
The bolt of poison hits the bone dragon.
The bone dragon completely resists.
The bolt of poison misses you. The bone dragon bites you.
* * * LOW HITPOINT WARNING * * *
The bone dragon claws you!
* * * LOW HITPOINT WARNING * * *
The bone dragon tramples you.
* * * LOW HITPOINT WARNING * * *
You hold your ground!
The sixfirhy attacks as you move away! You block the sixfirhy's attack.
The sixfirhy attacks as you move away! You block the sixfirhy's attack.
The bone dragon attacks as you move away!
You block the bone dragon's attack. The bone dragon claws you.
* * * LOW HITPOINT WARNING * * *
The bone dragon barely misses you. You block the sixfirhy's attack.
The sixfirhy hits you.
* * * LOW HITPOINT WARNING * * *
The sixfirhy shocks you!
You die...

#### .#. .#.. ...
..... #.. ..# #..
...# .. ##.# ##.##
#.#
##...###...###...
.#....3#@....#...
.#
.....2.3D.........
.
.#.....#.....#.....
##...###...## .. #
.. ##.# ##.## ##.##
#.# #.. #..2### ..#
. #.. .#...4h#. ...
. . . ... ...
...........4 ...
.#.....#.....#.. ..
.....


You could see a bone dragon, a cacodemon, a green death, an orange demon, a
sixfirhy and a raiju.

Vanquished Creatures
  Gastronok (Lair:1)
  A black draconian (Abyss:1)
  Fannar (D:11)
  A hydra (Lair:3)
  Harold (D:11)
  Erolcha (D:10)
  A boulder beetle (Lair:2)
  2 two-headed ogres
  Nergalle (D:11)
  A pharaoh ant (Lair:2)
  A manticore (D:11)
  A cyclops (D:11)
  4 elephants (Lair:2)
  6 black mambas
  5 cane toads
  2 unseen horror zombies (D:8)
  6 komodo dragons
  A troll (D:10)
  A tarantella (Lair:2)
  A raiju (Abyss:1)
  8 blink frogs (Lair:2)
  2 large abominations (Abyss:1)
  A jumping spider (Lair:2)
  Sigmund (D:2)
  3 wyverns
  A wraith (D:11)
  A ynoxinul (Abyss:1)
  A basilisk (D:7)
  20 yaks
  2 steam dragons
  A redback (Lair:2)
  3 vampire mosquitoes (D:11)
  A neqoxec (Abyss:1)
  Edmund (D:4)
  An acid dragon (D:10)
  Duvessa (D:6)
  7 water moccasins
  2 orc warriors
  3 ice beasts
  4 black bears
  A sky beast (D:7)
  An ogre (D:6)
  3 centaurs (D:9)
  6 wolves
  2 kobold brigands
  17 bullfrogs
  A wyvern zombie (D:8)
  A gnoll sergeant (D:8)
  A scorpion (D:4)
  4 water moccasin zombies (Ossuary)
  13 wights
  Dowan (D:6)
  19 killer bees
  An electric eel (Lair:1)
  A bullfrog zombie (D:7)
  3 centaur zombies
  8 orc priests
  5 hounds
  2 sleepcaps
  Terence (D:2)
  Jessica (D:2)
  4 iguanas
  13 orc wizards
  A statue (D:7)
  2 killer bee zombies
  2 mummies (Ossuary)
  4 howler monkey zombies
  7 gnolls
  8 adders
  2 white imps (D:7)
  3 ufetubi
  7 adder zombies (Ossuary)
  2 dart slugs
  24 orcs
  3 endoplasms
  7 giant cockroaches
  6 goblins
  7 hobgoblins
  10 jackals
  17 kobolds
  A quokka (D:2)
  7 ball pythons
  11 bats
  4 frilled lizards
  4 gnoll zombies (Ossuary)
  3 hobgoblin zombies (Ossuary)
  3 kobold zombies (Ossuary)
  4 orc zombies (Ossuary)
  6 rats
367 creatures vanquished.

Vanquished Creatures (others)
  A gnoll (D:7)
1 creature vanquished.

Grand Total: 368 creatures vanquished

Notes
Turn   | Place    | Note
-------+----------+-------------------------------------------
     0 | D:1      | Peloso the Minotaur Fighter began the quest for the Orb.
     0 | D:1      | Reached XP level 1. HP: 19/19 MP: 0/0
   259 | D:1      | Reached XP level 2. HP: 27/27 MP: 1/1
   408 | D:1      | Found Zaabit's Jewellery Shop.
   475 | D:1      | Reached skill level 4 in Shields
   475 | D:1      | Reached XP level 3. HP: 17/33 MP: 2/2
  1328 | D:2      | Reached skill level 1 in Dodging
  1462 | D:2      | Noticed Sigmund
  1719 | D:3      | Reached XP level 4. HP: 36/40 MP: 3/3
  2116 | D:3      | Reached XP level 5. HP: 45/47 MP: 4/4
  2836 | D:4      | Noticed Edmund
  2854 | D:4      | Killed Edmund
  2855 | D:4      | Reached skill level 5 in Long Blades
  2855 | D:4      | Reached skill level 5 in Armour
  2855 | D:4      | Reached XP level 6. HP: 15/53 MP: 5/5
  2875 | D:4      | HP: 2/53 [scorpion (6)]
  3369 | D:4      | Found an ancient bone altar of Kikubaaqudgha.
  3616 | D:4      | Reached skill level 5 in Fighting
  3616 | D:4      | Reached XP level 7. HP: 49/61 MP: 6/6
  3626 | D:4      | Reached skill level 5 in Shields
  3838 | D:5      | Entered Level 5 of the Dungeon
  3957 | D:5      | Identified the +0 robe "Waneoruo" {Harm Drain Stlth+}
  4315 | D:5      | Reached XP level 8. HP: 67/69 MP: 7/7
  4582 | D:2      | Found a faded altar of an unknown god.
  4672 | D:2      | Killed Sigmund
  4673 | D:2      | Reached skill level 6 in Shields
  4800 | D:2      | Noticed Terence
  4842 | D:2      | Noticed Jessica
  4850 | D:2      | Killed Jessica
  5058 | D:2      | Killed Terence
  5470 | D:6      | Reached skill level 7 in Shields
  5718 | D:6      | Noticed Duvessa
  5718 | D:6      | Noticed Dowan
  5731 | D:6      | Killed Duvessa
  5742 | D:6      | Killed Dowan
  5814 | D:6      | Found a glowing golden altar of the Shining One.
  5814 | D:6      | Found a white marble altar of Elyvilon.
  5814 | D:6      | Found a glowing silver altar of Zin.
  5952 | D:6      | Reached XP level 9. HP: 75/75 MP: 8/8
  6360 | D:7      | Found a transporter.
  6364 | D:7      | Noticed an oklob plant
  6370 | D:7      | Noticed a troll
  6383 | D:7      | Found a sand-covered staircase.
  6392 | Ossuary  | Entered an ossuary
  6526 | Ossuary  | Reached skill level 8 in Shields
  6660 | Ossuary  | Identified the +5 quarterstaff of Qotwit {vamp, rC+ Stlth+}
  7386 | D:7      | Noticed an ice statue
  7386 | D:7      | Noticed Quickbrownfox's ghost (novice DsCj)
  7395 | D:7      | Reached skill level 10 in Long Blades
  7405 | D:7      | Found a transporter.
  7488 | D:7      | Found a radiant altar of Vehumet.
  7647 | D:7      | Found a staircase to the Ecumenical Temple.
  7653 | Temple   | Entered the Ecumenical Temple
  7653 | Temple   | Found a transporter.
  7653 | Temple   | Found a transporter.
  7655 | Temple   | Found a transporter.
  7655 | Temple   | Found a transporter.
  8041 | D:7      | Reached XP level 10. HP: 76/86 MP: 9/9
  8110 | D:8      | Reached skill level 9 in Shields
  8592 | D:8      | Found a staircase to the Lair.
  8816 | D:8      | Found a basalt altar of Yredelemnul.
  8998 | D:8      | Found a stormy altar of Qazlal.
  9292 | D:9      | Identified the +7 morningstar of Death {flame, *Noise Str+3
                  | Stlth+}
  9320 | D:9      | Found an iron altar of Okawaru.
  9327 | D:9      | Became a worshipper of Warmaster Okawaru
  9455 | D:9      | Reached skill level 10 in Shields
  9682 | D:9      | Reached skill level 1 in Maces & Flails
  9925 | Lair:1   | Entered Level 1 of the Lair of Beasts
  9937 | Lair:1   | Noticed a black mamba
  9943 | Lair:1   | Reached * piety under Okawaru
  9944 | Lair:1   | Reached skill level 10 in Armour
  9945 | Lair:1   | Noticed a cane toad
  9963 | Lair:1   | Killed a cane toad
  9967 | Lair:1   | Killed a black mamba
  9967 | Lair:1   | Reached ** piety under Okawaru
 10141 | Lair:1   | Reached XP level 11. HP: 74/95 MP: 10/10
 10255 | Lair:1   | Noticed Gastronok
 10267 | Lair:1   | Killed Gastronok
 10268 | Lair:1   | Reached skill level 5 in Maces & Flails
 10390 | Lair:1   | Reached skill level 1 in Stealth
 11187 | Lair:2   | Found a staircase to the Shoals.
 11257 | Lair:2   | Reached *** piety under Okawaru
 11282 | Lair:2   | Reached skill level 11 in Shields
 11299 | Lair:2   | Found a hole to the Spider Nest.
 11335 | Lair:2   | Noticed a pharaoh ant
 11554 | Lair:2   | Killed a pharaoh ant
 11554 | Lair:2   | Reached **** piety under Okawaru
 11782 | Lair:2   | Noticed a boulder beetle
 11796 | Lair:2   | Killed a boulder beetle
 11858 | Lair:2   | Reached ***** piety under Okawaru
 11859 | Lair:2   | Reached XP level 12. HP: 61/105 MP: 11/11
 12198 | Lair:2   | Reached skill level 10 in Maces & Flails
 12202 | Lair:2   | Reached skill level 10 in Fighting
 12533 | Lair:2   | Reached skill level 12 in Shields
 12752 | Lair:3   | Noticed a seven-headed hydra
 12765 | Lair:3   | Killed a seven-headed hydra
 13183 | Lair:3   | Received a gift from Okawaru
 14100 | D:10     | Entered Level 10 of the Dungeon
 14279 | D:10     | Noticed Erolcha
 14287 | D:10     | Killed Erolcha
 14562 | D:10     | Found a sacrificial altar of Ru.
 14822 | D:10     | Found a staircase to the Orcish Mines.
 14857 | D:10     | Noticed a two-headed ogre
 14864 | D:10     | Killed a two-headed ogre
 15108 | D:11     | Noticed a two-headed ogre
 15118 | D:11     | Killed a two-headed ogre
 15118 | D:11     | Received a gift from Okawaru
 15172 | D:11     | Noticed Harold
 15179 | D:11     | Killed Harold
 15393 | D:11     | Identified the +1 barding "Ocaurhecku" {rCorr}
 15515 | D:11     | Noticed Nergalle
 15520 | D:11     | Killed Nergalle
 15521 | D:11     | Reached XP level 13. HP: 96/116 MP: 12/12
 15613 | D:11     | Reached skill level 13 in Shields
 15647 | D:11     | Noticed Fannar
 15666 | D:11     | Killed Fannar
 15754 | D:11     | Noticed Sonja
 15761 | Abyss:1  | Cast into level 1 of the Abyss (Sonja)
 15862 | Abyss:1  | Found a corrupted altar of Lugonu.
 15874 | Abyss:1  | Noticed a black draconian
 15879 | Abyss:1  | Noticed a green death
 15886 | Abyss:1  | Noticed a bone dragon
 15891 | Abyss:1  | Killed a black draconian
 15891 | Abyss:1  | Identified the +0 crystal plate armour of Ixoed {Rampage
                  | rC+ Str-5 Int+8} (Okawaru gifted it to you on level 1 of
                  | the Abyss)
 15891 | Abyss:1  | Received a gift from Okawaru
 15913 | Abyss:1  | Noticed a cacodemon
 15918 | Abyss:1  | HP: 5/116 [sixfirhy[a cacodemon] (6)]
 15918 | Abyss:1  | Mangled by a sixfirhy

Illustrated notes

Levels and vault maps discovered:
D:1:      minmay_arrival_cross, layout_basic, serial_shops, shop, minmay_cupped
D:2:      layout_basic, ebering_ecumenical_altar_box, uniq_jessica,
          uniq_sigmund, uniq_terence
D:3:      layout_basic, minmay_misc_feat_room
D:4:      layout_basic, lemuel_doored_altar, serial_bayou_crossing, uniq_edmund
D:5:      layout_gridville
D:6:      layout_loops_ring, dreamdust_divine_triumvirate, minmay_misc_feat_x,
          kennysheep_generic_room_15, uniq_duvessa
D:7:      layout_rooms, vehumet_statue, minmay_temple_entry_enclosed_plants,
          nzn_ghost_randoct, enter_ossuary_1, serial_undead, serial_undead_f,
          serial_undead_a, serial_undead_a, serial_undead_b
D:8:      layout_cave_pools, lemuel_crystal_altar,
          nicolae_yredelemnul_corpse_copse, minmay_lair_entry_grove
D:9:      layout_roguey, okawaru_metal_pillars_1_2
D:10:     layout_loops_ring, nicolae_ru_the_path_less_chosen, orc_0_dummy,
          grunt_ministairs_7, uniq_erolcha
D:11:     layout_long_grid, minmay_misc_feat_plants, grunt_ministairs_6,
          uniq_harold, uniq_sonja, uniq_nergalle, uniq_fannar
Temple:   hellmonk_temple_divided_pantheon
Lair:1:   layout_roguey, nicolae_lair_lil_pond, serial_bayou_shore_a,
          grunt_megastairs_5, uniq_gastronok
Lair:2:   layout_roguey, elwin_shoals_entry_rocks,
          nicolae_spider_entry_lesser_pyramids, grunt_megastairs_3,
          lemuel_fruit_tree, infiniplex_staircase_pool
Lair:3:   layout_long_grid
Abyss:1:  base:
D:14

Skill      XL: |  1  2  3  4  5  6  7  8  9 10 11 12 13 |
---------------+----------------------------------------+-----
Fighting       | 4 5 6 7 8 9 11 | 11.3
Armour         | 4 5 6 7 8 10 12 | 12.1
Shields        | 4 5 7 8 10 11 12 13 | 13.0
Dodging        | 1 2 3 4 |  4.5
Long Blades    | 3 4 5 7 8 10 11 12 | 12.3
Maces & Flails | 4 9 12 | 12.2
Stealth        | 1 |  1.3
Invocations    | |  0.2

Action                     |  1- 3 |  4- 6 |  7- 9 | 10-12 | 13-15 || total
---------------------------+-------+-------+-------+-------+-------++-------
  Melee: Long sword        |    96 |   116 |    15 |       |       ||   227
         Headbutt          |    13 |    16 |    74 |   100 |    13 ||   216
         Falchion          |       |       |   397 |   117 |       ||   514
         Morningstar       |       |       |       |   358 |       ||   358
         Double sword      |       |       |       |    24 |    47 ||    71
 Invoke: Heroism           |       |       |       |     2 |       ||     2
    Use: Scroll            |     4 |       |    10 |     5 |     2 ||    21
         Potion            |       |       |       |     2 |     6 ||     8
   Stab: Held in net/web   |       |       |       |     1 |       ||     1
 Armour: Scale mail        |    50 |    26 |    25 |       |       ||   101
         Plate armour      |       |       |   120 |   215 |    12 ||   347
  Dodge: Dodged            |    56 |    71 |   215 |   244 |    26 ||   612
  Block: Buckler           |    29 |    55 |   228 |   381 |    24 ||   717
         Reflection        |       |     3 |     1 |     7 |     2 ||    13
